AoeStats
← Papaladin

Arabia

508888778Analyzed
1v1 RM · 7d ago on Sep 24, 2026· 27m 14s· 2 players
Game mode
Random Map
Map size
Tiny (2 player)
Population
200
Speed
Normal
Resources
Standard
Victory
Conquest
Starting age
Dark Age
Ending age
Imperial Age
RankedLock teamsTeams togetherTeam positionsShared explorationLock speedFull tech treeHidden civsTurbo modeCheats
Victory
Defeat
🇹🇼 Persians · Taiwan
1186
+16
🇬🇧 Khmer · United Kingdom
1184
-16
Papaladin
5:22 Loom
10:01 Feudal Age
10:36 Double-Bit Axe
10:47 Horse Collar
19:09 Wheelbarrow
22:00 Castle Age
21:46 Gold Mining
21:50 Fletching
22:56 Bow Saw
22:15 Crossbowman
22:55 Bodkin Arrow
23:31 Pikeman
27:01 Scale Mail Armor
elecfan
6:31 Loom
8:44 Feudal Age
9:21 Double-Bit Axe
9:18 Horse Collar
16:25 Wheelbarrow
19:41 Castle Age
18:33 Bloodlines
18:33 Gold Mining
19:20 Scale Barding Armor
19:26 Forging
20:30 Husbandry
Connection lost

Rejoining the realm…

Still unreachable

The connection could not be restored.

Session expired

The server has moved on; the page needs a fresh start.